 Dungeon Crawl Stone Soup version 0.19-GnollCrawlA-1-g03664ee (webtiles) character file.

185 GravitySqueeze the Slasher (level 1, -14/28 HPs)
             Began as a Minotaur Monk on Mar 2, 2017.
             Was a Priest of Ru.
             Demolished by a gnoll
             ... wielding a +0 halberd of distortion
              (18 damage)
             ... on level 4 of the Dungeon.
             The game lasted 00:03:31 (1623 turns).

GravitySqueeze the Slasher (Minotaur Monk)          Turns: 1623, Time: 00:03:32

Health: -14/28     AC: 20    Str: 15    XL:     1   Next: 0%
Magic:  0/0        EV:  2    Int:  7    God:    Ru [***...]
Gold:   95         SH:  0    Dex: 12    Spells: 0 memorised, 0 levels left

rFire  . . .     SeeInvis .     f - +2 whip (drain)
rCold  . . .     Gourm    .     (armour currently unavailable)
rNeg   + + +     Faith    .     (no shield)
rPois  +         Spirit   .     (helmet currently unavailable)
rElec  +         Dismiss  .     (cloak currently unavailable)
rCorr  +         Reflect  .     (gloves currently unavailable)
SustAt .         Harm     .     (boots currently unavailable)
MR     +....     NoTele   +     (no amulet)
Stlth  ++........               (no ring)
                                p - ring of protection from magic

@: exhausted, tree-form, resistant, drained
A: (retaliatory headbutt), (horns 0), temperature sensitive
a: Draw Out Power, Renounce Religion


You were on level 4 of the Dungeon.
You worshipped Ru.
Ru was most pleased with you.
You were not hungry.
You were a tree.
You visited 2 branches of the dungeon, and saw 5 of its levels.

You collected 95 gold pieces.

Inventory:

Hand Weapons
 a - a +0 falchion
 f - a +2 whip of draining (weapon)
Armour
 h - a +0 ring mail (melded)
Jewellery
 p - a ring of protection from magic (left branch)
Scrolls
 b - a scroll of enchant weapon {unknown}
 g - a scroll of remove curse {unknown}
 i - a scroll of immolation {unknown}
 j - 3 scrolls of identify {unknown}
 k - 2 scrolls of magic mapping {unknown}
 n - a scroll of amnesia {unknown}
 o - a scroll of fear {unknown}
Potions
 d - a potion of resistance
 l - a potion of magic {unknown}
 m - 2 potions of curing {unknown}
Comestibles
 c - a bread ration


   Skills:
 + Level 3.6(3.2) Fighting
 + Level 3.6(3.2) Long Blades
 + Level 3.2(2.9) Dodging
 + Level 1.5(1.2) Stealth


You couldn't memorise any spells.
You didn't know any spells.

Dungeon Overview and Level Annotations

Branches:
Dungeon (4/15)             Temple (1/1) D:1

Altars:
Cheibriados
Dithmenos
Elyvilon
Nemelex Xobeh
Ru
Xom
Zin


Innate Abilities, Weirdness & Mutations

((You reflexively headbutt those who attack you in melee.))
((You have a pair of horns on your head.))
You are sensitive to extremes of temperature. (rF-, rC-)


Message History

It was a potion of lignification.
You turn into a tree.
Your +0 ring mail melds into your body.
Your roots penetrate the ground.
The gnoll hits you from afar with a halberd of distortion.
The gnoll hits you from afar with a halberd of distortion.
Space warps horribly around you!
* * * LOW HITPOINT WARNING * * *
The gnoll barely misses you. The gnoll hits you but does no damage.
You feel a strange sense of stasis.
You are restored by drawing out deep reserves of power within.
You feel drained.
The gnoll hits you from afar with a halberd of distortion!
You feel a strange sense of stasis.
The gnoll hits you from afar with a halberd of distortion.
You feel a strange sense of stasis. The gnoll hits you but does no damage.
Space bends around you.
* * * LOW HITPOINT WARNING * * *
The gnoll hits you but does no damage. The gnoll hits you but does no damage.
Space warps horribly around you!
Ouch! That really hurt!
You die...

#### #.. #
########.# .#
#.....##♣# ##.
......##.# ..
#.##..##g# .#
#.##..##.##.#.# #
#.##.....<....#
#.##.##.##########
#.......#
##.#<##.# #.##.#


You could see a gnoll.

Vanquished Creatures
  18 gnolls
18 creatures vanquished.

Vanquished Creatures (others)
  A gnoll (D:2)
1 creature vanquished.

Grand Total: 19 creatures vanquished

Notes
Turn   | Place    | Note
-------+----------+-------------------------------------------
     0 | D:1      | GravitySqueeze the Minotaur Monk began the quest for the Orb.
     0 | D:1      | Reached XP level 1. HP: 19/19 MP: 0/0
   312 | D:1      | Found a staircase to the Ecumenical Temple.
   408 | Temple   | Entered the Ecumenical Temple
   413 | Temple   | Became a worshipper of Ru the Awakened
   418 | Temple   | Gained mutation: You are sensitive to extremes of temperature. (rF-, rC-) [Ru sacrifice]
   418 | Temple   | Reached * piety under Ru
   418 | Temple   | Reached ** piety under Ru
   418 | Temple   | Reached *** piety under Ru
   920 | D:2      | Found a shimmering altar of Xom.
   921 | D:2      | Found a white marble altar of Elyvilon.
  1623 | D:4      | Demolished by a gnoll

Action                   || total
-------------------------++-------
Melee: Whip              ||    42
       Falchion          ||    14
       Headbutt          ||    10
Invok: Draw Out Power    ||     2
       Sacrifice Resista ||     1
  Use: Potion            ||     2
Armor: Ring mail         ||     5
       Skin              ||     3
       Robe              ||     2
Dodge: Dodged            ||    27
